 Dungeon Crawl Stone Soup version 0.25-a0-424-g80bd347ae0 (webtiles) character file.

Game seed: 5613815285343999763, levelgen mode: deterministic

265 DrunkenMaster the Slasher (level 5, -3/45 HPs)
             Began as a Minotaur Chaos Knight on Jan 23, 2020.
             Was a Plaything of Xom.
             Slain by a hippogriff (5 damage)
             ... on level 5 of the Dungeon.
             The game lasted 00:07:03 (2635 turns).

DrunkenMaster the Slasher (Minotaur Chaos Knight)   Turns: 2635, Time: 00:07:04

Health: -3/45      AC:  5    Str: 17    XL:     5   Next: 99%
Magic:  4/4        EV: 11    Int:  9    God:    Xom [..*...]
Gold:   134        SH:  0    Dex: 10    Spells: 4/4 levels left

rFire    . . .     SeeInvis .   a - +2 falchion (chaos)
rCold    . . .     Gourm    .   (no shield)
rNeg     . . .     Faith    .   b - +2 leather armour
rPois    .         Spirit   .   (helmet restricted)
rElec    .         Reflect  .   (no cloak)
rCorr    .         Harm     .   (no gloves)
MR       .....                  (no boots)
Stlth    +.........             (no amulet)
HPRegen  0.15/turn              (no ring)
MPRegen  0.09/turn              (no ring)

@: no status effects
A: retaliatory headbutt, horns 2
a: Renounce Religion


You were on level 5 of the Dungeon.
You worshipped Xom.
You were a toy of Xom.
You were not hungry.

You visited 1 branch of the dungeon, and saw 4 of its levels.

You collected 134 gold pieces.

Inventory:

Hand Weapons
 a - a +2 falchion of chaos (weapon)
Missiles
 l - 22 poisoned darts (quivered)
Armour
 b - a +2 leather armour (worn)
 j - a +1 leather armour of cold resistance
Wands
 h - a wand of clouds (3)
Scrolls
 e - a scroll of fog
 g - a scroll of identify
 i - 3 scrolls of remove curse
 k - a scroll of teleportation
 p - a scroll of amnesia {unknown}
 q - a scroll of immolation {unknown}
Potions
 d - a potion of flight {unknown}
 f - 6 potions of curing
 m - 2 potions of haste {unknown}
 n - a potion of lignification {unknown}
 o - 2 potions of berserk rage
Comestibles
 c - 7 rations


   Skills:
 - Level 3.6 Fighting
 + Level 7.7 Long Blades
 + Level 0.1 Throwing
 - Level 2.4 Armour
 - Level 1.1 Dodging
 + Level 1.5 Stealth


You had 4 spell levels left.
You didn't know any spells.
Your spell library was empty.

Dungeon Overview and Level Annotations

Branches:
Dungeon (3/15)

Altars:
Nemelex Xobeh
Xom


Innate Abilities, Weirdness & Mutations

You reflexively headbutt those who attack you in melee.
You have a pair of horns on your head.


Message History

"Just a minor improvement..."
The hippogriff bites you!
* * * LOW HITPOINT WARNING * * *
The hippogriff pecks you.
* * * LOW HITPOINT WARNING * * *
The hippogriff claws you.
* * * LOW HITPOINT WARNING * * *
There is a shimmering altar of Xom here.
You hit the hippogriff. You burn the hippogriff.
The hippogriff is lightly wounded.
The hippogriff bites you but does no damage.
The hippogriff barely misses you.
The hippogriff claws you but does no damage.
You barely miss the hippogriff.
The hippogriff is lightly wounded.
The hippogriff bites you.
* * * LOW HITPOINT WARNING * * *
The hippogriff pecks you.
You die...
Xom guffaws!

#..#######.#......#.
#..#######.#.#.##.#.
#.>.................
#..#######.#.#.##.#.
#....# #.#.#.##.#.
#..#.# #.#....#.#.
'######..#.#
#.######.#.
......._##.# #.# .#
........H@.# #.#
......[.##.# #.#
...#######.# #.# ..
... . ..[. ....
..... .....#


You could see a hippogriff.

Vanquished Creatures
  A black bear (D:2)
  4 gnolls (D:5)
  7 adders
  An ooze (D:2)
  A worm (D:3)
  3 dart slugs (D:3)
  A leopard gecko (D:3)
  An orc (D:2)
  7 bats
  2 giant cockroaches (D:2)
  6 goblins
  6 hobgoblins
  4 jackals
  A ball python (D:3)
  2 frilled lizards
  10 kobolds
  5 rats
62 creatures vanquished.

Notes
Turn   | Place    | Note
-------+----------+-------------------------------------------
     0 | D:1      | DrunkenMaster the Minotaur Chaos Knight began the quest for
                  | the Orb.
     0 | D:1      | Reached XP level 1. HP: 19/19 MP: 0/0
    75 | D:1      | Reached skill level 4 in Long Blades
   111 | D:1      | Reached XP level 2. HP: 26/26 MP: 1/1
   874 | D:2      | Reached skill level 5 in Long Blades
   962 | D:2      | XOM: harmless Tloc miscast
   964 | D:2      | XOM: divination: detect items
   970 | D:2      | Reached XP level 3. HP: 26/31 MP: 2/2
  1259 | D:2      | XOM: noise
  1355 | D:2      | XOM: harmless Hex miscast
  1405 | D:2      | Found a sparkling altar of Nemelex Xobeh.
  1532 | D:3      | Noticed a black bear
  1546 | D:3      | XOM: harmless Air miscast
  1568 | D:2      | Killed a black bear
  1568 | D:2      | Reached skill level 6 in Long Blades
  1568 | D:2      | Reached XP level 4. HP: 18/39 MP: 3/3
  1568 | D:2      | Reached XP level 5. HP: 21/45 MP: 4/4
  1878 | D:3      | Reached skill level 1 in Stealth
  1940 | D:3      | Reached skill level 7 in Long Blades
  2001 | D:3      | XOM: noise
  2266 | D:3      | XOM: harmless Tloc miscast
  2283 | D:3      | XOM: harmless Chrm miscast
  2486 | D:3      | You fall into a shaft and drop 2 floors!
  2486 | D:5      | Entered Level 5 of the Dungeon
  2491 | D:5      | XOM: smoke on damage
  2617 | D:5      | Noticed a hippogriff
  2629 | D:5      | XOM: scenery: create altars
  2635 | D:5      | HP: 2/45 [hippogriff (5)]
  2635 | D:5      | Slain by a hippogriff

Levels and vault maps discovered:
D:1:      dpeg_chamrin_arrival_tetris, layout_basic, minmay_quantized
D:2:      layout_loops_ring, first_ration, nemelex_dance_club_becter
D:3:      layout_basic, regret_index_temple_of_mockery, portal_sewer_entry_e
D:5:      layout_basic, nicolae_overflow_hidden_temple

Skill      XL: |  1  2  3  4  5 |
---------------+----------------+-----
Long Blades    | 4 5 6 7 |  7.7
Stealth        | 1 |  1.5
Fighting       | |  3.6
Throwing       | |  0.1
Armour         | |  2.4
Dodging        | |  1.1

Action                   |  1- 3 |  4- 6 || total
-------------------------+-------+-------++-------
Melee: Falchion          |    70 |    70 ||   140
       Headbutt          |     6 |     9 ||    15
Throw: Dart              |     1 |       ||     1
  Use: Scroll            |     3 |     4 ||     7
 Stab: Sleeping          |       |     1 ||     1
  Eat: Chunk             |     2 |     3 ||     5
Armor: Leather armour    |    27 |    29 ||    56
Dodge: Dodged            |    48 |    37 ||    85
       Rpst.: Falchion   |    11 |     9 ||    20

Table legend:
 A = Non-vault XP
 B = Vault XP
 C = Vault XP percentage of total XP
 D = Non-vault monster count
 E = Vault monster count
 F = Vault count percentage of total count
                 A         B        C        D         E       F
            +---------+---------+-------+---------+---------+-------
      Total |     364 |      15 |   4.0 |      57 |       5 |   8.1
            +---------+---------+-------+---------+---------+-------
        D:1 |      21 |       5 |  19.2 |      14 |       3 |  17.6
        D:2 |     181 |      10 |   5.2 |      16 |       2 |  11.1
        D:3 |      93 |       0 |   0.0 |      22 |       0 |   0.0
        D:5 |      69 |       0 |   0.0 |       5 |       0 |   0.0
            +---------+---------+-------+---------+---------+-------
